 Seeded DCSS version 0.31-a0-538-gbc85326fa9 (webtiles) character file.

Game seed: 3826825538972431165 (custom seed)

86 innerfire43 the Ruffian (level 4, -2/51 HPs)
             Began as a Gnoll Shapeshifter on Aug 13, 2023.
             Slain by a goblin
             ... wielding a +0 club
             ... led by Robin
              (5 damage)
             ... on level 2 of the Dungeon.
             The game lasted 00:01:43 (1106 turns).

innerfire43 the Ruffian (Gnoll Shapeshifter)        Turns: 1106, Time: 00:01:44

Health: -2/51      AC: 22    Str: 15    XL:     4   Next: 49%
Magic:  5/5        EV:  2    Int:  7    God:
Gold:   183        SH:  0    Dex: 14    Spells: 5/5 levels left

rFire   . .          .
                       - Unarmed
rCold   . . .        (no shield)
rNeg    . . .        a - melded +0 animal skin
rPois   +            (helmet currently unavailable)
rElec   .            (cloak currently unavailable)
rCorr   .            (gloves currently unavailable)
SInv    .            (boots currently unavailable)
Will    .....        (no amulet)
Stlth   ++           (no ring)
HPRegen 0.28/turn    (no ring)
MPRegen 0.09/turn

%: no passive effects
@: tree-form
A: stationary, stasis, torment immunity, boosted hp, (fangs 1), strong nose,
distributed training
a: no special abilities


You were on level 2 of the Dungeon.
You were a tree.
You visited 1 branch of the dungeon, and saw 2 of its levels.

You collected 183 gold pieces.

Inventory:

Armour
 a - a +0 animal skin (melded)
Jewellery
 q - a ring of protection from cold
Talismans
 c - a beast talisman
 d - a flux talisman
Scrolls
 e - a scroll of acquirement {unknown}
 f - 2 scrolls of vulnerability {unknown}
 g - a scroll of amnesia {unknown}
 h - a scroll of brand weapon {unknown}
 j - 2 scrolls of identify {unknown}
 k - 2 scrolls of noise {unknown}
 o - a scroll of torment {unknown}
Potions
 i - 2 potions of mutation {unknown}
 l - a potion of enlightenment {unknown}
 m - a potion of curing {unknown}
 n - a potion of cancellation {unknown}
 p - a potion of brilliance {unknown}


   Skills:
 + Level 2.8 Fighting
 + Level 1.2 Short Blades
 + Level 1.2 Long Blades
 + Level 1.2 Axes
 + Level 1.2 Maces & Flails
 + Level 1.2 Polearms
 + Level 1.2 Staves
 + Level 1.2 Ranged Weapons
 + Level 1.2 Throwing
 + Level 1.2 Armour
 + Level 4.6 Dodging
 + Level 1.2 Stealth
 + Level 1.2 Shields
 + Level 6.6 Unarmed Combat
 + Level 1.2 Spellcasting
 + Level 1.0 Conjurations
 + Level 1.0 Hexes
 + Level 1.0 Summonings
 + Level 1.0 Necromancy
 + Level 1.0 Translocations
 + Level 1.0 Transmutations
 + Level 1.0 Fire Magic
 + Level 1.0 Ice Magic
 + Level 1.0 Air Magic
 + Level 1.0 Earth Magic
 + Level 1.0 Poison Magic
 + Level 1.3 Invocations
 + Level 1.2 Evocations
 + Level 6.5 Shapeshifting


You had 5 spell levels left.
You didn't know any spells.
Your spell library was empty.

Dungeon Overview and Level Annotations

Branches:
Dungeon (2/15)

Altars:

Annotations:
D:2 Robin


Innate Abilities, Weirdness & Mutations

You are a tree.
Your roots penetrate the ground, keeping you stationary.
You cannot be teleported.
You are immune to unholy pain and torment.
Your maximum health is greatly increased.
Your equipment is partially melded.
((You have very sharp teeth.))
Your uncanny sense of smell can sniff out nearby items.
Your experience applies equally to all skills.


Message History

Your Fire Magic skill increases to level 1!
Your Ice Magic skill increases to level 1!
Your Air Magic skill increases to level 1!
Your Earth Magic skill increases to level 1!
Your Poison Magic skill increases to level 1!
Your transformation has ended.
You turn into a tree.
Your +0 animal skin melds into your body.
Your roots penetrate the ground.
Robin roars a battlecry!
The goblins go into a battle-frenzy!
The goblin hits you but does no damage. The goblin barely misses you.
A goblin comes into view. It is wielding a +0 dagger.
The goblin shouts!
You smack the goblin!
You kill the goblin!
A goblin comes into view. It is wielding a +0 club.
The goblin barely misses you.
Unknown command.
You barely miss the hobgoblin. You closely miss the hobgoblin.
The hobgoblin hits you but does no damage.
The goblin hits you but does no damage.
Unknown command.
You smack the hobgoblin!
You kill the hobgoblin!
The goblin hits you but does no damage.
Unknown command.
You hit the hobgoblin but do no damage. The hobgoblin hits you.
* * * LOW HITPOINT WARNING * * *
The goblin hits you but does no damage.
You barely miss the hobgoblin. You punch the hobgoblin.
The hobgoblin is heavily wounded.
The goblin hits you but does no damage.
The hobgoblin hits you but does no damage.
Unknown command.
You pummel the hobgoblin!!
You kill the hobgoblin!
The goblin hits you with a +0 club.
You die...

#..........#.........#
#..........#.........#
####..........#.........# .
#.............#.........### ..
#.............########....##
...###.............###########...
.$.................##.....# #..#
..<....)....gg#######.....#####.#
.....g....###gg)♣g........'....>#
....g###### ######......†.#######
.... #.....†..# ... #.....#### ..
#.....# . #.....# #.....# #.....#
#.....#


You could see Robin, a hobgoblin (strong) and 3 goblins.

Vanquished Creatures
  Jessica (D:2)
  2 adders (D:2)
  A dart slug (D:1)
  3 bats (D:1)
  5 endoplasms
  3 giant cockroaches (D:1)
  6 goblins
  3 hobgoblins
  2 jackals (D:2)
  2 kobolds (D:1)
  A quokka (D:2)
  2 ball pythons (D:1)
  A frilled lizard (D:1)
  4 rats (D:1)
36 creatures vanquished.

Notes
Turn   | Place    | Note
-------+----------+-------------------------------------------
     0 | D:1      | innerfire43 the Gnoll Shapeshifter began the quest for the
                  | Orb.
     0 | D:1      | Reached XP level 1. HP: 17/17 MP: 1/1
   119 | D:1      | Reached XP level 2. HP: 23/23 MP: 2/2
   491 | D:1      | Reached XP level 3. HP: 26/28 MP: 3/3
   699 | D:2      | Noticed Jessica
   702 | D:2      | Killed Jessica
   703 | D:2      | Reached skill level 1 in Short Blades
   703 | D:2      | Reached skill level 1 in Long Blades
   703 | D:2      | Reached skill level 1 in Axes
   703 | D:2      | Reached skill level 1 in Maces & Flails
   703 | D:2      | Reached skill level 1 in Polearms
   703 | D:2      | Reached skill level 1 in Staves
   703 | D:2      | Reached skill level 1 in Ranged Weapons
   703 | D:2      | Reached skill level 1 in Throwing
   703 | D:2      | Reached skill level 1 in Armour
   703 | D:2      | Reached skill level 1 in Stealth
   703 | D:2      | Reached skill level 1 in Shields
   703 | D:2      | Reached skill level 1 in Spellcasting
   703 | D:2      | Reached skill level 1 in Invocations
   703 | D:2      | Reached skill level 1 in Evocations
   932 | D:2      | Reached XP level 4. HP: 27/34 MP: 5/5
  1080 | D:2      | Noticed Robin
  1099 | D:2      | Reached skill level 1 in Conjurations
  1099 | D:2      | Reached skill level 1 in Hexes
  1099 | D:2      | Reached skill level 1 in Summonings
  1099 | D:2      | Reached skill level 1 in Necromancy
  1099 | D:2      | Reached skill level 1 in Translocations
  1099 | D:2      | Reached skill level 1 in Transmutations
  1099 | D:2      | Reached skill level 1 in Fire Magic
  1099 | D:2      | Reached skill level 1 in Ice Magic
  1099 | D:2      | Reached skill level 1 in Air Magic
  1099 | D:2      | Reached skill level 1 in Earth Magic
  1099 | D:2      | Reached skill level 1 in Poison Magic
  1104 | D:2      | HP: 2/51 [hobgoblin[Robin] (6)]
  1106 | D:2      | Slain by a goblin

Illustrated notes

Levels and vault maps discovered:
D:1:      roderic_crop_circles_arrival_large, layout_basic
D:2:      layout_basic, minmay_distorted, uniq_robin, uniq_jessica

Skill      XL: |  1  2  3  4 |
---------------+-------------+-----
Short Blades   | 1 |  1.2
Long Blades    | 1 |  1.2
Axes           | 1 |  1.2
Maces & Flails | 1 |  1.2
Polearms       | 1 |  1.2
Staves         | 1 |  1.2
Ranged Weapons | 1 |  1.2
Throwing       | 1 |  1.2
Armour         | 1 |  1.2
Stealth        | 1 |  1.2
Shields        | 1 |  1.2
Spellcasting   | 1 |  1.2
Invocations    | 1 |  1.3
Evocations     | 1 |  1.2
Conjurations   | 1 |  1.0
Hexes          | 1 |  1.0
Summonings     | 1 |  1.0
Necromancy     | 1 |  1.0
Translocations | 1 |  1.0
Transmutations | 1 |  1.0
Fire Magic     | 1 |  1.0
Ice Magic      | 1 |  1.0
Air Magic      | 1 |  1.0
Earth Magic    | 1 |  1.0
Poison Magic   | 1 |  1.0
Fighting       | |  2.8
Dodging        | |  4.6
Unarmed Combat | |  6.6
Shapeshifting  | |  6.5

Action                     |  1- 3 |  4- 6 || total
---------------------------+-------+-------++-------
  Melee: Unarmed           |    68 |    26 ||    94
         Bite              |    11 |     2 ||    13
         Punch             |       |     1 ||     1
    Use: Potion            |       |     1 ||     1
   Stab: Sleeping          |       |     1 ||     1
 Armour: Animal skin       |     9 |     9 ||    18
         Skin              |       |     7 ||     7
  Dodge: Dodged            |    25 |    19 ||    44
   Form: Flux              |     1 |       ||     1

Table legend: (Time is in decaauts)
 A = Elapsed time spent in this place.
 B = Non-inter-level travel time spent in this place.
 C = Inter-level travel time spent in this place.
 D = Time resting spent in this place.
 E = Time spent auto-exploring this place.
 F = Levels seen in this place.
 G = Mean time per level.
                   A        B        C        D        E       F      G
               +--------+--------+--------+--------+--------+-----+--------+
         Total |   1094 |   1070 |     24 |      0 |    864 |   2 |  547.0 |
       Dungeon |   1094 |   1070 |     24 |      0 |    864 |   2 |  547.0 |
               +--------+--------+--------+--------+--------+-----+--------+

Top non-repeatable levels by time:
     D:1: 692 daAuts
     D:2: 402 daAuts
